 Seeded DCSS version 0.29-a0-378-gc08b2e8bf8 (webtiles) character file.

Game seed: 13605594255664981076 (custom seed)

107 thiscave3701365 the Chopper (level 4, -1/40 HPs)
             Began as a Minotaur Berserker on May 4, 2022.
             Was a Follower of Trog.
             Slain by an orc wizard
             ... wielding a +0 dagger
              (2 damage)
             ... on level 3 of the Dungeon.
             The game lasted 00:01:41 (3238 turns).

thiscave3701365 the Chopper (Minotaur Berserker)    Turns: 3238, Time: 00:01:42

Health: -1/40      AC:  2    Str: 24    XL:     4   Next: 57%
Magic:  3/3        EV: 12    Int:  4    God:    Trog [*.....]
Gold:   123        SH:  0    Dex:  9    Spells: 3/3 levels left

rFire   . . .      SeeInvis .   a - +0 hand axe
rCold   . . .      Faith    .   (no shield)
rNeg    . . .      Spirit   .   b - +0 animal skin
rPois   .          Reflect  .   (helmet restricted)
rElec   .          Harm     .   (no cloak)
rCorr   .          Rampage  .   (no gloves)
Will    .....                   (no boots)
Stlth   +.........              (no amulet)
HPRegen 0.13/turn               (no ring)
MPRegen 0.08/turn               (no ring)

@: on berserk cooldown, slowed, very slow
A: horns 2, retaliatory headbutt
a: Renounce Religion, Berserk


You were on level 3 of the Dungeon.
You worshipped Trog.
Trog was aware of your devotion.
You visited 1 branch of the dungeon, and saw 3 of its levels.

You collected 123 gold pieces.

Inventory:

Hand Weapons
 a - a +0 hand axe (weapon)
Armour
 b - a +0 animal skin (worn)
Jewellery
 d - a ring of protection from cold
Scrolls
 e - a scroll of identify
 g - a scroll of teleportation {unknown}
 h - a scroll of fog
Potions
 c - a potion of brilliance {unknown}
 f - 2 potions of haste
 j - a potion of flight
 l - a potion of might
 m - a potion of ambrosia {unknown}
 n - a potion of magic {unknown}


   Skills:
 - Level 3.8 Fighting
 + Level 6.2 Axes
 - Level 2.6 Armour
 - Level 2.3 Dodging


You had 3 spell levels left.
You didn't know any spells.
Your spell library was empty.

Dungeon Overview and Level Annotations

Branches:
Dungeon (3/15)

Altars:
Makhleb
Uskayaw


Innate Abilities, Weirdness & Mutations

You have a pair of horns on your head.
You reflexively headbutt those who attack you in melee.


Message History

You furiously retaliate!
You headbutt the orc!
You kill the orc!
Trog accepts your kill.
An orc comes into view. It is wielding a +0 short sword.
Something hits you but does no damage.
The orc shouts!
You hit something but do no damage. Your headbutt misses something.
You hit the orc. Something hits you. The orc hits you with a +0 short sword.
You hit something but do no damage. Your headbutt misses something.
You hit the orc. Something completely misses you.
The orc hits you but does no damage. Something hits you.
The orc barely misses you.
You closely miss something. Your headbutt misses something.
You hit the orc but do no damage. Something hits you.
The orc completely misses you.
You closely miss something. You hit the orc. Something hits you.
The orc barely misses you. The orc hits you with a +0 short sword.
* * * LOW HITPOINT WARNING * * *
Something hits you.
* * * LOW HITPOINT WARNING * * *
You closely miss something. You hit the orc.
You kill the orc!
Trog accepts your kill. Something hits you but does no damage.
You barely miss something. Something hits you but does no damage.
Something hits you.
* * * LOW HITPOINT WARNING * * *
You miss something. You punch something. Something hits you.
* * * LOW HITPOINT WARNING * * *
You miss something. Something hits you.
* * * LOW HITPOINT WARNING * * *
Something hits you.
* * * LOW HITPOINT WARNING * * *
You hit something. Your headbutt misses something. Something hits you.
* * * LOW HITPOINT WARNING * * *
You barely miss something. Something hits you but does no damage.
Something hits you.
* * * LOW HITPOINT WARNING * * *
You miss something. Something hits you.
You die...

..... ..... #..
..... ... ..... #.#
..... #.# .....
###.##. ..... .....
####### ######)## #
#....# #....){@#.#
#.##.####.........#
##.#...............#
.............#####.#
##.#########.# .#
..... #.# .#
########## #.# #
.........# #.#
########.# #.#


There were no monsters in sight!

Vanquished Creatures
  4 gnolls (D:2)
  2 adders (D:2)
  4 orcs (D:3)
  2 endoplasms
  2 giant cockroaches (D:1)
  5 goblins
  4 hobgoblins
  3 jackals (D:1)
  7 ball pythons
  3 frilled lizards
  4 kobolds
  6 rats
46 creatures vanquished.

Notes
Turn   | Place    | Note
-------+----------+-------------------------------------------
     0 | D:1      | thiscave3701365 the Minotaur Berserker began the quest for
                  | the Orb.
     0 | D:1      | Reached XP level 1. HP: 19/19 MP: 0/0
   332 | D:1      | Found a faded altar of an unknown god.
   440 | D:1      | Reached XP level 2. HP: 27/27 MP: 1/1
   441 | D:1      | Reached skill level 4 in Axes
  1278 | D:2      | HP: 1/40 [gnoll/+0 spear (4)]
  1280 | D:2      | Reached skill level 5 in Axes
  1280 | D:2      | Reached XP level 3. HP: 1/33 MP: 2/2
  1896 | D:2      | Reached XP level 4. HP: 40/40 MP: 3/3
  2035 | D:2      | Reached skill level 6 in Axes
  3088 | D:3      | Found a burning altar of Makhleb.
  3088 | D:3      | Found a hide-covered altar of Uskayaw.
  3237 | D:3      | HP: 1/40 [something (3)]
  3238 | D:3      | Slain by an orc wizard

Illustrated notes

Levels and vault maps discovered:
D:1:      wander_arrival_lonely_grave, layout_basic,
          ebering_ecumenical_altar_rust
D:2:      layout_basic, minmay_misc_feat_tower, grunt_decor_mini_mirrors
D:3:      layout_basic, mainiacjoe_overflow_divided_tiny

Skill      XL: |  1  2  3  4 |
---------------+-------------+-----
Axes           | 5 6 |  6.2
Fighting       | |  3.8
Armour         | |  2.6
Dodging        | |  2.3

Action                   |  1- 3 |  4- 6 || total
-------------------------+-------+-------++-------
Melee: Hand axe          |    45 |    57 ||   102
       Headbutt          |     7 |     3 ||    10
       Punch             |       |     1 ||     1
Invok: Berserk           |     1 |     1 ||     2
  Use: Scroll            |       |     8 ||     8
 Stab: Sleeping          |       |     1 ||     1
Armor: Animal skin       |     5 |    13 ||    18
Dodge: Dodged            |    29 |    24 ||    53

Table legend: (Time is in decaauts)
 A = Elapsed time spent in this place.
 B = Non-inter-level travel time spent in this place.
 C = Inter-level travel time spent in this place.
 D = Time resting spent in this place.
 E = Time spent auto-exploring this place.
 F = Levels seen in this place.
 G = Mean time per level.
                   A        B        C        D        E       F      G
               +--------+--------+--------+--------+--------+-----+--------+
         Total |   3249 |   3179 |     70 |   1054 |   1857 |   3 | 1083.0 |
       Dungeon |   3249 |   3179 |     70 |   1054 |   1857 |   3 | 1083.0 |
               +--------+--------+--------+--------+--------+-----+--------+

Top non-repeatable levels by time:
     D:2: 1546 daAuts
     D:1: 1146 daAuts
     D:3: 556 daAuts
